 Dungeon Crawl Stone Soup version 0.29.1-1-gd02db6906a (webtiles) character file.

Game seed: 8783157813513306471

415 mortz the Digger (level 6, 0/32 HPs)
             Began as a Gargoyle Earth Elementalist on Oct 22, 2022.
             Slain by a centaur (1 damage)
             ... on level 6 of the Dungeon.
             The game lasted 00:09:26 (2928 turns).

mortz the Digger (Gargoyle Earth Elementalist)      Turns: 2928, Time: 00:09:27

Health: 0/32       AC:  6    Str: 11    XL:     6   Next: 91%
Magic:  8/12       EV: 12    Int: 18    God:
Gold:   62         SH:  0    Dex: 10    Spells: 11/14 levels left

rFire   . . .      SeeInvis .   d - +0 mace
rCold   . . .      Faith    .   (no shield)
rNeg    + . .      Spirit   .   a - +0 robe
rPois   ∞          Reflect  .   (no helmet)
rElec   +          Harm     .   (no cloak)
rCorr   .          Rampage  .   (no gloves)
Will    .....                   (no boots)
Stlth   ++........              (no amulet)
HPRegen 0.10/turn               (no ring)
MPRegen 0.13/turn               (no ring)

@: no status effects
A: sickness immunity, AC +4, negative energy resistance 1, electricity
resistance, torment resistance 1, petrification resistance
a: no special abilities


You were on level 6 of the Dungeon.
You visited 1 branch of the dungeon, and saw 5 of its levels.

You collected 62 gold pieces.

Inventory:

Hand Weapons
 d - a +0 mace (weapon)
 e - a +0 dagger
 i - a +0 dagger
Missiles
 h - 3 poisoned darts
Armour
 a - a +0 robe (worn)
 f - a +0 leather armour
Jewellery
 j - an amulet of guardian spirit
Potions
 b - 2 potions of lignification
 c - a potion of resistance {unknown}
 g - 3 potions of might
 k - a potion of attraction {unknown}


   Skills:
 + Level 0.1 Fighting
 + Level 0.2 Maces & Flails
 + Level 1.8 Dodging
 + Level 2.7 Stealth
 + Level 4.6 Spellcasting
 + Level 0.7 Transmutations
 + Level 6.7 Earth Magic


You had 11 spell levels left.
You knew the following spells:

 Your Spells              Type           Power      Damage    Failure   Level
a - Sandblast             Erth           56%        2d13      1%          1
p - Passwall              Tmut/Erth      14%        N/A       4%          2

Your spell library contained the following spells:

 Spells                   Type           Power      Damage    Failure   Level
 Beastly Appendage        Tmut           12%        N/A       11%         1
 Stone Arrow              Conj/Erth      32%        3d9       11%         3
 Wereblood                Tmut           6%         N/A       16%         2
 Petrify                  Tmut/Erth      17%        N/A       30%         4
 Spider Form              Tmut/Pois      5%         N/A       34%         3


Dungeon Overview and Level Annotations

Branches:
Dungeon (6/15) Zot: 26978
 Temple: D:4-7

Altars:


Innate Abilities, Weirdness & Mutations

You are immune to sickness and miasma.
Your stone body is resilient. (AC +4)
You are immune to poison.
You resist negative energy. (rN+)
You are resistant to electric shocks. (rElec)
You are resistant to unholy torment.
You are immune to petrification.


Message History

The centaur shoots an arrow.
The arrow barely misses you.
A centaur comes into view.
You hear a shout!
The blast of sand hits the centaur but does no damage.
The centaur shoots an arrow.
The arrow hits you.
The centaur shoots an arrow.
The arrow closely misses you.
An iguana comes into view.
The iguana hisses angrily.
The blast of sand hits the centaur!
The centaur is severely wounded.
The centaur shoots an arrow.
The arrow hits you!
The centaur shoots an arrow.
The arrow hits you!
The centaur wields a +0 shortbow.
The centaur shoots an arrow.
The arrow hits you but does no damage.
The iguana hisses menacingly.
A gnoll bouda comes into view. It is wielding a +0 club.
The centaur shoots an arrow.
The arrow completely misses you.
You are too injured to fight recklessly!
Aiming: Sandblast (safe; 1% risk of failure)
Press: ? - help, Q - select action, (/) - cycle Shift-Dir - straight line, f/p - centaur
Aim: a centaur, wielding a +0 shortbow (severely wounded, 90% to hit)
The blast of sand hits the centaur!
You kill the centaur!
A phantom comes into view.
Aiming: Sandblast (safe; 1% risk of failure)
Press: ? - help, Q - select action, (/) - cycle Shift-Dir - straight line, f - centaur
Aim: a centaur, wielding a +0 shortbow (90% to hit)
Okay, then.
Aiming: Sandblast (safe; 1% risk of failure)
Press: ? - help, Q - select action, (/) - cycle Shift-Dir - straight line, f - centaur
Aim: a centaur, wielding a +0 shortbow (90% to hit)
The blast of sand hits the centaur.
The centaur is lightly wounded.
The centaur unwields a +0 shortbow.
The centaur hits you.
* * * LOW HITPOINT WARNING * * *
The centaur kicks you.
* * * LOW HITPOINT WARNING * * *
The centaur hits you.
* * * LOW HITPOINT WARNING * * *
The centaur kicks you.
You die...

#. #.. #. #..
#.##.####
#.##....####
###+#+#..#.[.....#
#.........l.).....
#........#g...g...
#........#c###.###
++....(...#@# ..
...........#.# .c
.........<..#.# .
............#..
............#..
...........##...
...........##...
#........##....
#........#


You could see a centaur, a gnoll bouda and an iguana.

Vanquished Creatures
  Sigmund (D:3)
  A black bear (D:6)
  A centaur (D:6)
  An adder (D:2)
  2 worms (D:2)
  A dart slug (D:2)
  An orc (D:2)
  7 ball pythons
  4 bats (D:2)
  4 endoplasms (D:2)
  A giant cockroach (D:2)
  7 goblins
  3 hobgoblins
  8 jackals (D:2)
  5 kobolds
  3 frilled lizards
  6 rats
56 creatures vanquished.

Notes
Turn   | Place    | Note
-------+----------+-------------------------------------------
     0 | D:1      | mortz the Gargoyle Earth Elementalist began the quest for
                  | the Orb.
     0 | D:1      | Reached XP level 1. HP: 10/10 MP: 3/3
   230 | D:1      | Reached skill level 4 in Earth Magic
   231 | D:1      | Reached XP level 2. HP: 15/15 MP: 1/5
  1151 | D:2      | Learned a level 2 spell: Passwall
  1272 | D:2      | Reached XP level 3. HP: 18/19 MP: 4/6
  1789 | D:2      | Found a faded altar of an unknown god.
  1933 | D:2      | Reached XP level 4. HP: 24/24 MP: 6/8
  2683 | D:3      | Noticed Sigmund
  2693 | D:3      | Killed Sigmund
  2694 | D:3      | Reached skill level 6 in Earth Magic
  2694 | D:3      | Reached XP level 5. HP: 18/28 MP: 2/11
  2694 | D:3      | Reached XP level 6. HP: 21/32 MP: 2/12
  2838 | D:3      | You fall into a shaft and drop 3 floors!
  2862 | D:6      | Noticed a black bear
  2868 | D:6      | Killed a black bear
  2910 | D:5      | Entered Level 5 of the Dungeon
  2928 | D:6      | HP: 1/32 [centaur (4)]
  2928 | D:6      | Slain by a centaur

Illustrated notes

Levels and vault maps discovered:
D:1:      giann_forest_graveyard, layout_loops_corners, serial_bayou_pond_c
D:2:      layout_basic, hellmonk_ecumenical_altar_dog_temple
D:3:      layout_rooms, nicolae_uskayaw_dance_hall, kennysheep_generic_room_7,
          uniq_sigmund, uniq_ijyb
D:5:      layout_loops_ring, kb_xom_exploding_sheep,
          kennysheep_opposing_triangles, uniq_edmund
D:6:      minmay_recursive_quarters, layout_basic,
          nicolae_overflow_hallway_of_the_gods, marbit_many_paths,
          portal_sewer_entry_e, nicolae_ossuary_entry_monument

Skill      XL: |  1  2  3  4 |
---------------+-------------+-----
Earth Magic    | 4 6 |  6.7
Spellcasting   | 4 |  4.6
Fighting       | |  0.1
Maces & Flails | |  0.2
Dodging        | |  1.8
Stealth        | |  2.7
Transmutations | |  0.7

Action                   |  1- 3 |  4- 6 || total
-------------------------+-------+-------++-------
Melee: Mace              |    14 |     1 ||    15
 Cast: Sandblast         |    57 |    33 ||    90
  Use: Potion            |     1 |       ||     1
       Scroll            |       |     2 ||     2
 Stab: Sleeping          |     1 |     1 ||     2
Armor: Robe              |    13 |     3 ||    16
Dodge: Dodged            |    28 |    11 ||    39
